 Dungeon Crawl Stone Soup version 0.27-a0-1232-gc6a4cbde82 (webtiles) character file.

Game seed: 7340614430744558302

442 ZappyNine the Covert (level 7, -2/59 HPs)
             Began as a Gnoll Delver on June 8, 2021.
             Slain by an iguana (8 damage)
             ... on level 5 of the Dungeon.
             The game lasted 00:04:03 (2986 turns).

ZappyNine the Covert (Gnoll Delver)                 Turns: 2986, Time: 00:04:03

Health: -2/59      AC:  5    Str: 14    XL:     7   Next: 2%
Magic:  10/10      EV: 13    Int:  9    God:
Gold:   220        SH:  0    Dex: 13    Spells: 10/10 levels left

rFire    . . .     SeeInvis .   t - +4 mace
rCold    . . .     Faith    .   (no shield)
rNeg     . . .     Spirit   .   b - +0 leather armour
rPois    .         Reflect  .   k - +2 hat
rElec    .         Harm     .   (no cloak)
rCorr    .         Rampage  .   (no gloves)
Will     .....                  (no boots)
Stlth    ++++......             (no amulet)
HPRegen  0.19/turn              p - ring of flight
MPRegen  0.12/turn              (no ring)

@: flying, hasted, very quick
A: fangs 1, strong nose, distributed training
a: no special abilities


You were on level 5 of the Dungeon.
You visited 1 branch of the dungeon, and saw 5 of its levels.

You collected 220 gold pieces.

Inventory:

Hand Weapons
 a - a +0 falchion
 q - a +1 scythe of distortion
 t - a +4 mace (weapon)
Armour
 b - a +0 leather armour (worn)
 k - a +2 hat (worn)
Jewellery
 p - a ring of flight (left hand)
Wands
 g - a wand of digging (3)
 j - a wand of flame (17)
Scrolls
 c - a scroll of fog
 d - a scroll of magic mapping
 e - 3 scrolls of fear
 h - a scroll of blinking {unknown}
 i - 4 scrolls of identify {unknown}
 l - 2 scrolls of teleportation {unknown}
 m - a scroll of enchant armour {unknown}
 n - 2 scrolls of noise {unknown}
 o - 2 scrolls of enchant weapon {unknown}
 r - a scroll of immolation {unknown}
 u - a scroll of summoning {unknown}
Potions
 f - a potion of haste
 s - a potion of berserk rage {unknown}
 v - a potion of heal wounds {unknown}
 w - a potion of attraction {unknown}
 x - a potion of lignification {unknown}


   Skills:
 + Level 6.9 Fighting
 + Level 2.2 Short Blades
 + Level 5.1 Long Blades
 + Level 2.2 Axes
 + Level 2.2 Maces & Flails
 + Level 2.2 Polearms
 + Level 2.2 Staves
 + Level 2.2 Slings
 + Level 2.2 Bows
 + Level 2.2 Crossbows
 + Level 2.2 Throwing
 + Level 2.2 Armour
 + Level 5.1 Dodging
 + Level 9.8 Stealth
 + Level 2.2 Shields
 + Level 2.2 Unarmed Combat
 + Level 2.2 Spellcasting
 + Level 1.8 Conjurations
 + Level 1.8 Hexes
 + Level 1.8 Summonings
 + Level 1.8 Necromancy
 + Level 1.8 Translocations
 + Level 1.8 Transmutations
 + Level 1.8 Fire Magic
 + Level 1.8 Ice Magic
 + Level 1.8 Air Magic
 + Level 1.8 Earth Magic
 + Level 1.8 Poison Magic
 + Level 2.4 Invocations
 + Level 2.2 Evocations


You had 10 spell levels left.
You didn't know any spells.
Your spell library contained the following spells:

 Spells                   Type           Power      Damage    Failure   Level
 Animate Skeleton         Necr           8%         N/A       19%         1
 Pain                     Necr           16%        1d4       19%         1
 Vampiric Draining        Necr           2%         2d6       50%         3
 Animate Dead             Necr           2%         N/A       88%         4
 Agony                    Necr           4%         N/A       99%         5


Dungeon Overview and Level Annotations

Branches:
Dungeon (5/15)
 Temple: D:4-7

Altars:
Cheibriados
Zin

Shops:
D:2 *


Innate Abilities, Weirdness & Mutations

You have very sharp teeth.
Your uncanny sense of smell can sniff out nearby items.
Your experience applies equally to all skills.


Message History

You hit the water moccasin skeleton.
You destroy the water moccasin skeleton!
You have reached level 7!
There is a collapsed entrance here.
You start resting.
An iguana is nearby!
The iguana hisses angrily.
An iguana is nearby!
The iguana bites you. The iguana closely misses you.
You closely miss the iguana. The iguana bites you.
You closely miss the iguana. You bite the iguana.
The iguana is lightly wounded.
The iguana bites you but does no damage.
You hit the iguana but do no damage.
The iguana is lightly wounded.
The iguana barely misses you. The iguana bites you.
You completely miss the iguana.
The iguana is lightly wounded.
The iguana bites you.
You hit the iguana.
The iguana is lightly wounded.
The iguana bites you!
You hit the iguana. Your bite misses the iguana.
The iguana is heavily wounded.
The iguana closely misses you. The iguana bites you.
* * * LOW HITPOINT WARNING * * *
You barely miss the iguana.
The iguana is heavily wounded.
The iguana bites you.
* * * LOW HITPOINT WARNING * * *
Unknown command.
You hit the iguana. You bite the iguana, but do no damage.
The iguana is heavily wounded.
The iguana bites you!
* * * LOW HITPOINT WARNING * * *
Unknown command.
Unknown command.
You feel yourself speed up. The iguana bites you!
You die...

...>!l##.#..#### ...O..
............##.#.....
............##8.##.#
...........<..##..###
....................#
....................#
..................#.#
..............#...##...
..#.##....<...8#@.##8...
##..........l.#...#..
#...#[..#####....## #
#.###....###..!...#
#.#.....#.#....####
................#
...#.#.............
....#.##....##...#..
....>......#.....#.


You could see an iguana.

Vanquished Creatures
  Sigmund (D:2)
  A scorpion (D:4)
  A water moccasin skeleton (D:5)
  2 hounds (D:4)
  An iguana (D:4)
  3 adders (D:4)
  A white imp (D:3)
  A worm (D:4)
  3 bats
  5 endoplasms
  5 giant cockroaches
  3 goblins
  6 hobgoblins
  7 jackals
  3 quokkas
  3 ball pythons
  3 frilled lizards (D:2)
  6 kobolds
  A quokka skeleton (D:4)
  2 rats
58 creatures vanquished.

Notes
Turn   | Place    | Note
-------+----------+-------------------------------------------
     0 | D:5      | Reached skill level 9 in Stealth
     0 | D:5      | ZappyNine the Gnoll Delver began the quest for the Orb.
     0 | D:5      | Reached XP level 1. HP: 23/23 MP: 1/1
     6 | D:5      | Found a sand-covered staircase.
    20 | D:5      | Noticed an iguana
   141 | D:4      | Noticed a scorpion
   320 | D:2      | Found a snail-covered altar of Cheibriados.
   326 | D:2      | Reached XP level 2. HP: 29/29 MP: 2/2
   642 | D:1      | Reached XP level 3. HP: 34/35 MP: 3/3
  1259 | D:2      | Found Paf Ump's General Store.
  1431 | D:2      | Found a faded altar of an unknown god.
  1618 | D:2      | Noticed Sigmund
  1635 | D:2      | Killed Sigmund
  1636 | D:2      | Reached skill level 1 in Short Blades
  1636 | D:2      | Reached skill level 1 in Axes
  1636 | D:2      | Reached skill level 1 in Maces & Flails
  1636 | D:2      | Reached skill level 1 in Polearms
  1636 | D:2      | Reached skill level 1 in Staves
  1636 | D:2      | Reached skill level 1 in Slings
  1636 | D:2      | Reached skill level 1 in Bows
  1636 | D:2      | Reached skill level 1 in Crossbows
  1636 | D:2      | Reached skill level 1 in Throwing
  1636 | D:2      | Reached skill level 1 in Armour
  1636 | D:2      | Reached skill level 1 in Shields
  1636 | D:2      | Reached skill level 1 in Unarmed Combat
  1636 | D:2      | Reached skill level 1 in Spellcasting
  1636 | D:2      | Reached skill level 1 in Conjurations
  1636 | D:2      | Reached skill level 1 in Hexes
  1636 | D:2      | Reached skill level 1 in Summonings
  1636 | D:2      | Reached skill level 1 in Necromancy
  1636 | D:2      | Reached skill level 1 in Translocations
  1636 | D:2      | Reached skill level 1 in Transmutations
  1636 | D:2      | Reached skill level 1 in Fire Magic
  1636 | D:2      | Reached skill level 1 in Ice Magic
  1636 | D:2      | Reached skill level 1 in Air Magic
  1636 | D:2      | Reached skill level 1 in Earth Magic
  1636 | D:2      | Reached skill level 1 in Poison Magic
  1636 | D:2      | Reached skill level 1 in Invocations
  1636 | D:2      | Reached skill level 1 in Evocations
  1636 | D:2      | Reached XP level 4. HP: 5/41 MP: 4/6
  1636 | D:2      | Reached XP level 5. HP: 6/47 MP: 4/7
  2180 | D:3      | Found a glowing silver altar of Zin.
  2405 | D:4      | Reached XP level 6. HP: 53/53 MP: 8/8
  2524 | D:4      | Reached skill level 5 in Long Blades
  2524 | D:4      | Reached skill level 5 in Dodging
  2955 | D:5      | Reached XP level 7. HP: 38/59 MP: 10/10
  2986 | D:5      | Slain by an iguana

Illustrated notes

Levels and vault maps discovered:
D:1:      scummos_arrival_simple_crosswalls, layout_basic
D:2:      layout_basic, basic_altar, hellmonk_ecumenical_altar_run_dry,
          serial_shops, shop, minmay_tetromino_l2, uniq_sigmund
D:3:      layout_rooms, general_overflow_altar, kennysheep_generic_room_11
D:4:      layout_cave_pools, portal_sewer_entry_d, nrook_mini_backslash,
          minivault_27
D:5:      layout_cave_pools, nicolae_hepliaklqana_hippocampus,
          serial_gnoll_camp, gnoll_camp_mini_doghouse, gnoll_camp_mini_doghouse,
          gnoll_camp_medium_02, gnoll_camp_mini_hut, gnoll_camp_mini_doghouse,
          lightli_ossuary_entry_decrepit_ruins, uniq_grinder

Skill      XL: |  1  2  3  4  5  6 |
---------------+-------------------+-----
Stealth        | |  9.8
Short Blades   | 1 2 |  2.2
Axes           | 1 2 |  2.2
Maces & Flails | 1 2 |  2.2
Polearms       | 1 2 |  2.2
Staves         | 1 2 |  2.2
Slings         | 1 2 |  2.2
Bows           | 1 2 |  2.2
Crossbows      | 1 2 |  2.2
Throwing       | 1 2 |  2.2
Armour         | 1 2 |  2.2
Shields        | 1 2 |  2.2
Unarmed Combat | 1 2 |  2.2
Spellcasting   | 1 2 |  2.2
Conjurations   | 1 |  1.8
Hexes          | 1 |  1.8
Summonings     | 1 |  1.8
Necromancy     | 1 |  1.8
Translocations | 1 |  1.8
Transmutations | 1 |  1.8
Fire Magic     | 1 |  1.8
Ice Magic      | 1 |  1.8
Air Magic      | 1 |  1.8
Earth Magic    | 1 |  1.8
Poison Magic   | 1 |  1.8
Invocations    | 1 2 |  2.4
Evocations     | 1 2 |  2.2
Long Blades    | 5 |  5.1
Dodging        | 5 |  5.1
Fighting       | |  6.9

Action                   |  1- 3 |  4- 6 |  7- 9 || total
-------------------------+-------+-------+-------++-------
Melee: Falchion          |    68 |    12 |       ||    80
       Bite              |     4 |    10 |     2 ||    16
       Mace              |       |    64 |     8 ||    72
       Punch             |       |     1 |       ||     1
  Use: Potion            |     3 |       |     1 ||     4
 Stab: Sleeping          |    12 |    14 |       ||    26
Armor: Leather armour    |    11 |    30 |     1 ||    42
Dodge: Dodged            |    34 |    54 |     3 ||    91
       Rpst.: Falchion   |    10 |     1 |       ||    11

Table legend: (Time is in decaauts)
 A = Elapsed time spent in this place.
 B = Non-inter-level travel time spent in this place.
 C = Inter-level travel time spent in this place.
 D = Time resting spent in this place.
 E = Time spent auto-exploring this place.
 F = Levels seen in this place.
 G = Mean time per level.
                   A        B        C        D        E       F      G
               +--------+--------+--------+--------+--------+-----+--------+
         Total |   2997 |   2824 |    173 |    327 |   1864 |   5 |  599.4 |
       Dungeon |   2997 |   2824 |    173 |    327 |   1864 |   5 |  599.4 |
               +--------+--------+--------+--------+--------+-----+--------+

Top non-repeatable levels by time:
     D:2: 932 daAuts
     D:1: 780 daAuts
     D:4: 753 daAuts
     D:3: 453 daAuts
     D:5: 77 daAuts
